 Dungeon Sprint DCSS version 0.28.0-43-g3370ac3207 (webtiles) character file.

Game seed: 12424223435642512747

893 boopmooplesden the Cleaver (level 7, -24/118 HPs)
             Began as a Minotaur Berserker on Mar 10, 2022.
             Was a Priest of Trog.
             Annihilated by a boulder beetle (31 damage)
             ... in the Dungeon (Sprint II: "The Violet Keep of Menkaure").
             The game lasted 00:00:35 (282 turns).

boopmooplesden the Cleaver (Minotaur Berserker)      Turns: 282, Time: 00:00:35

Health: -24/118    AC:  2    Str: 23    XL:     7   Next: 78%
Magic:  6/6        EV: 13    Int:  4    God:    Trog [***...]
Gold:   729        SH:  0    Dex: 10    Spells: 6/6 levels left

rFire   . . .      SeeInvis .   a - +0 hand axe
rCold   . . .      Faith    .   (no shield)
rNeg    . . .      Spirit   .   b - +0 animal skin
rPois   .          Reflect  .   (helmet restricted)
rElec   .          Harm     .   (no cloak)
rCorr   .          Rampage  .   (no gloves)
Will    .....      NoTele   +   (no boots)
Stlth   ..........              (no amulet)
HPRegen 0.29/turn               (no ring)
MPRegen 0.10/turn               (no ring)

@: berserking, very quick
A: horns 2, retaliatory headbutt
a: Renounce Religion, Berserk, Trog's Hand


You were in the Dungeon.
You worshipped Trog.
Trog was most pleased with you.
You visited 1 branch You collected 729 gold pieces.

Inventory:

Hand Weapons
 a - a +0 hand axe (weapon)
Armour
 b - a +0 animal skin (worn)
Scrolls
 h - a scroll of blinking
Potions
 c - a potion of curing
 d - a potion of heal wounds
 e - a potion of haste
 f - 2 potions of magic
 g - a potion of berserk rage


   Skills:
 + Level 13.1 Fighting
 + Level 13.5 Axes
 + Level 7.0 Armour
 + Level 6.0 Dodging


You had 6 spell levels left.
You didn't know any spells.
Your spell library was empty.

Dungeon Overview and Level Annotations

Branches:
Dungeon (1/1)

Altars:


Innate Abilities, Weirdness & Mutations

You have a pair of horns on your head.
You reflexively headbutt those who attack you in melee.


Message History

The boulder beetle bites you!
You slice the boulder beetle!!
The boulder beetle is moderately wounded.
You barely miss the boulder beetle.
The boulder beetle is moderately wounded.
The boulder beetle bites you!!
You hit the boulder beetle.
The boulder beetle is moderately wounded.
You hit the boulder beetle but do no damage.
The boulder beetle is moderately wounded.
You hit the boulder beetle but do no damage.
The boulder beetle is moderately wounded.
The boulder beetle bites you!!
You hit the boulder beetle but do no damage.
The boulder beetle is moderately wounded.
You slice the boulder beetle!!
The boulder beetle is heavily wounded.
The boulder beetle bites you!!
* * * LOW HITPOINT WARNING * * *
You hit the boulder beetle but do no damage.
You headbutt the boulder beetle, but do no damage.
The boulder beetle is heavily wounded.
You hit the boulder beetle but do no damage.
You hit the boulder beetle but do no damage.
You headbutt the boulder beetle.
The boulder beetle is severely wounded.
You hit the boulder beetle. You hit the boulder beetle.
Your headbutt misses the boulder beetle.
The boulder beetle is severely wounded.
You hit the boulder beetle but do no damage.
The boulder beetle leaps!
The boulder beetle bites you!!
* * * LOW HITPOINT WARNING * * *
You slash the boulder beetle!
You headbutt the boulder beetle, but do no damage.
The boulder beetle is severely wounded.
You barely miss the boulder beetle.
The boulder beetle is severely wounded.
The boulder beetle bites you!!
You die...

##+## ##.#.##
#..#..#
####.B.# ##
##.###'## .##
#...##.###†.#
#B@°.††##+
#..$##.###†.#
##.###'###.##
####...####
#..#).#
##...## ##+##


You could see 2 boulder beetles.

Vanquished Creatures
  A merfolk siren (D)
  4 necrophages (D)
  4 scorpions (D)
9 creatures vanquished.

Notes
Turn   | Place    | Note
-------+----------+-------------------------------------------
     0 | D        | boopmooplesden the Minotaur Berserker began the quest for
                  | the Orb.
     0 | D        | Reached XP level 1. HP: 19/19 MP: 0/0
     1 | D        | Noticed a necrophage
     1 | D        | Noticed a necrophage
     1 | D        | Noticed a necrophage
     1 | D        | Noticed a necrophage
     6 | D        | Killed a necrophage
     7 | D        | Reached XP level 2. HP: 24/34 MP: 1/1
     7 | D        | Reached XP level 3. HP: 27/39 MP: 2/2
     7 | D        | Reached XP level 4. HP: 33/47 MP: 3/3
     8 | D        | Killed a necrophage
     8 | D        | Killed a necrophage
     8 | D        | Reached ** piety under Trog
     9 | D        | Reached skill level 10 in Fighting
     9 | D        | Reached skill level 5 in Armour
     9 | D        | Reached XP level 5. HP: 42/58 MP: 4/4
     9 | D        | Killed a necrophage
    10 | D        | Reached skill level 10 in Axes
    10 | D        | Reached XP level 6. HP: 48/67 MP: 5/5
   169 | D        | Reached skill level 5 in Dodging
   175 | D        | Reached *** piety under Trog
   176 | D        | Reached XP level 7. HP: 75/75 MP: 6/6
   211 | D        | Noticed a merfolk siren
   221 | D        | Killed a merfolk siren
   262 | D        | Noticed a boulder beetle
   262 | D        | Noticed a boulder beetle
   282 | D        | Annihilated by a boulder beetle

Illustrated notes

Levels and vault maps discovered:
D:        the_violet_keep_of_menkaure [sprint2_stairs_cluster_1,
          sprint2_shoproom, sprint2_temple, sprint2_basic_supplies,
          sprint2_obstacle_2, sprint2_obstacle_3, sprint2_obstacle_4,
          sprint2_obstacle_5, sprint2_obstacle_1, sprint2_timed_cluster_1,
          sprint2_smallroom_cluster_1, sprint2_smallroom_final_cluster_1,
          sprint2_transparent_cluster_1, sprint2_second_timed_cluster_1,
          sprint2_sniper_area_1, sprint2_heavy_combat_area_1,
          sprint2_mutation_trap_area_1, sprint2_forest_area_1,
          sprint2_light_combat_area_1, sprint2_behind_water_1,
          sprint2_near_end_vault_1]

Skill      XL: |  1  2  3  4  5  6  7 |
---------------+----------------------+-----
Fighting       | 7 10 11 13 | 13.1
Axes           | 7 9 10 11 13 | 13.5
Armour         | 4 5 6 7 |  7.0
Dodging        | 3 4 5 6 |  6.0

Action                   |  1- 3 |  4- 6 |  7- 9 || total
-------------------------+-------+-------+-------++-------
Melee: Hand axe          |     3 |    10 |    29 ||    42
       Headbutt          |       |     2 |     8 ||    10
Invok: Berserk           |     1 |     1 |     1 ||     3
Armor: Animal skin       |     3 |       |       ||     3
Dodge: Dodged            |     3 |     4 |     3 ||    10
